General information
- name: BNet
- type: Ladder team game (AT/RT)
- host: Battle.net
- saver: PleasePause
map: Mur'gulOasis
- players: 8
- length: 18:43
- speed: Fast
- version: 1.28 W3XP
- replay type: Public
» download(128 KB)
Players
team 1 (winner)
PaedoMuhammad (
teal | 70 APM | 1303 actions | 18:41)
5 Archmage
3 Summon Water Elemental
2 Brilliance Aura
3 Paladin
2 Holy Light
1 Divine Shield
» actions
| Assign group hotkey | 17 | |
| Basic commands | 51 | |
| Build / train | 99 | |
| Enter build submenu | 21 | |
| Enter hero's abilities submenu | 8 | |
| Give item / drop item | 1 | |
| Right click | 504 | |
| Select / deselect | 259 | |
| Select group hotkey | 126 | |
| Use ability | 217 | |
1303 total
» units
| Peasant | 26 | |
| Footman | 2 | |
| Rifleman | 6 | |
| Makrura Deepseer | 4 | |
| Flying Machine | 12 | |
| Spell Breaker | 1 | |
| Sorceress | 1 | |
52 total
» upgrades
| Gunpowder | 1 | |
| Armor | 1 | |
| Sorceress Training | 1 | |
| Priest Training | 1 | |
4 total
» buildings
| Altar of Kings | 1 | |
| Barracks | 1 | |
| Farm | 13 | |
| Arcane Vault | 2 | |
| Scout Tower | 2 | |
| Blacksmith | 1 | |
| Arcane Tower | 3 | |
| Lumber Mill | 1 | |
| Keep | 3 | |
| Guard Tower | 2 | |
| Arcane Sanctum | 2 | |
| Workshop | 1 | |
| Castle | 5 | |
37 total
» build order
00:11 Altar of Kings
00:13 Barracks
00:18 Farm
00:51 Farm
01:42 Arcane Vault
02:05 Farm
02:32 Scout Tower
02:46 Blacksmith
02:57 Farm
03:05 Arcane Tower
03:05 Arcane Tower
03:52 Farm
03:53 Farm
04:20 Arcane Vault
04:54 Farm
05:07 Lumber Mill
05:21 Farm
06:25 Scout Tower
06:32 Keep
06:32 Keep
07:19 Farm
11:51 Guard Tower
11:52 Guard Tower
12:06 Arcane Sanctum
12:06 Arcane Sanctum
12:07 Workshop
15:52 Farm
15:55 Farm
15:56 Farm
15:56 Farm
15:59 Castle
16:11 Castle
16:12 Castle
» items
| Scroll of Regeneration | 4 | |
| Lesser Clarity Potion | 6 | |
| Potion of Healing | 1 | |
| Potion of Mana | 1 | |
| Ivory Tower | 2 | |
14 total
4bSoLuT1oN (
orange | 47 APM | 872 actions | 18:41)
3 Archmage
2 Summon Water Elemental
1 Brilliance Aura
1 Mountain King
1 Storm Bolt
» actions
| Basic commands | 54 | |
| Build / train | 62 | |
| Enter build submenu | 16 | |
| Enter hero's abilities submenu | 4 | |
| Remove unit from queue | 1 | |
| Right click | 387 | |
| Select / deselect | 271 | |
| Use ability | 76 | |
872 total
» units
| Peasant | 14 | |
| Footman | 12 | |
| Sorceress | 15 | |
41 total
» upgrades
| Swords | 1 | |
| Defend | 0 | |
| Sorceress Training | 2 | |
3 total
» buildings
| Altar of Kings | 2 | |
| Barracks | 1 | |
| Farm | 8 | |
| Arcane Vault | 2 | |
| Blacksmith | 1 | |
| Keep | 3 | |
| Castle | 1 | |
| Arcane Sanctum | 2 | |
20 total
» build order
00:12 Altar of Kings
00:14 Barracks
00:23 Farm
00:55 Farm
01:34 Farm
03:15 Arcane Vault
03:29 Blacksmith
03:43 Keep
03:43 Keep
03:43 Keep
06:06 Castle
06:12 Arcane Sanctum
06:13 Arcane Sanctum
07:42 Farm
07:42 Farm
07:42 Farm
11:06 Farm
11:06 Farm
12:54 Arcane Vault
12:56 Altar of Kings
» items
| Scroll of Regeneration | 2 | |
| Scroll of Town Portal | 2 | |
| Potion of Lesser Invulnerability | 1 | |
| Scroll of Protection | 1 | |
6 total
PleasePause (
blue | 61 APM | 1151 actions | 18:43)
6 Tauren Chieftain
2 Endurance Aura
3 Shockwave
1 Reincarnation
» actions
| Assign group hotkey | 12 | |
| Basic commands | 43 | |
| Build / train | 48 | |
| Enter build submenu | 18 | |
| Enter hero's abilities submenu | 6 | |
| Remove unit from queue | 1 | |
| Right click | 679 | |
| Select / deselect | 195 | |
| Select group hotkey | 112 | |
| Use ability | 37 | |
1151 total
» units
» upgrades
| Ranged Weapons | 3 | |
| Armor | 3 | |
| Burning Oil | 1 | |
| Reinforced Defenses | 1 | |
8 total
» buildings
| Orc Burrow | 4 | |
| War Mill | 1 | |
| Altar of Storms | 1 | |
| Watch Tower | 6 | |
| Stronghold | 3 | |
| Barracks | 3 | |
| Fortress | 1 | |
| Voodoo Lounge | 2 | |
21 total
» build order
00:36 Orc Burrow
00:51 War Mill
01:45 Altar of Storms
02:03 Watch Tower
02:17 Watch Tower
03:03 Stronghold
03:03 Stronghold
03:03 Stronghold
03:24 Watch Tower
03:29 Watch Tower
03:57 Barracks
04:29 Barracks
04:54 Barracks
05:17 Watch Tower
05:27 Watch Tower
05:31 Orc Burrow
05:34 Orc Burrow
05:37 Orc Burrow
10:43 Fortress
13:51 Voodoo Lounge
13:54 Voodoo Lounge
» items
| Boots of Speed | 1 | |
| Staff of Teleportation | 1 | |
| Periapt of Vitality | 1 | |
| Potion of Lesser Invulnerability | 1 | |
4 total
Cubensis (
purple | 48 APM | 899 actions | 18:41)
4 Firelord
2 Summon Lava Spawn
2 Soul Burn
5 Lich
2 Frost Nova
3 Frost Armor
» actions
| Assign group hotkey | 25 | |
| Build / train | 51 | |
| Enter build submenu | 9 | |
| Enter hero's abilities submenu | 9 | |
| Give item / drop item | 1 | |
| Right click | 359 | |
| Select / deselect | 174 | |
| Select group hotkey | 203 | |
| Use ability | 68 | |
899 total
» units
| Acolyte | 2 | |
| Ghoul | 4 | |
| Crypt Fiend | 11 | |
17 total
» upgrades
| Creature Attack | 3 | |
| Creature Carapace | 4 | |
| Burrow | 1 | |
| Web | 1 | |
9 total
» buildings
| Crypt | 2 | |
| Altar of Darkness | 1 | |
| Ziggurat | 5 | |
| Graveyard | 1 | |
| Halls of the Dead | 1 | |
| Black Citadel | 1 | |
11 total
» build order
00:14 Crypt
00:18 Crypt
00:25 Altar of Darkness
00:32 Ziggurat
00:56 Graveyard
01:43 Ziggurat
03:06 Halls of the Dead
03:56 Ziggurat
06:19 Ziggurat
09:26 Ziggurat
09:27 Black Citadel
» items
| Boots of Speed | 1 | |
| Circlet of Nobility | 1 | |
| Scroll of Town Portal | 1 | |
3 total
team 2 (loser)

»
TRASHxTALK (
pink | 57 APM | 815 actions | 14:13)
2 Blademaster
1 Wind Walk
1 Critical Strike
» actions
| Basic commands | 2 | |
| Build / train | 52 | |
| Enter build submenu | 12 | |
| Enter hero's abilities submenu | 2 | |
| Remove unit from queue | 4 | |
| Right click | 496 | |
| Select / deselect | 212 | |
| Use ability | 35 | |
815 total
» units
| Peon | 8 | |
| Grunt | 3 | |
| Troll Headhunter/Berserker | 12 | |
| Demolisher | 2 | |
| Shaman | 4 | |
29 total
» upgrades
| Ranged Weapons | 2 | |
| Armor | 2 | |
| Troll Regeneration | 1 | |
| Shaman Training | 2 | |
| Berserker Upgrade | 1 | |
8 total
» buildings
| Orc Burrow | 3 | |
| Altar of Storms | 1 | |
| Barracks | 1 | |
| Voodoo Lounge | 1 | |
| War Mill | 2 | |
| Stronghold | 1 | |
| Watch Tower | 1 | |
| Spirit Lodge | 1 | |
| Fortress | 1 | |
12 total
» build order
00:14 Orc Burrow
00:19 Altar of Storms
00:37 Barracks
01:15 Voodoo Lounge
02:01 Orc Burrow
02:22 War Mill
03:05 Stronghold
03:35 Watch Tower
04:43 Orc Burrow
05:53 Spirit Lodge
08:18 Fortress
12:55 War Mill
» items
| Healing Salve | 2 | |
| Lesser Clarity Potion | 1 | |
3 total
worst-noob-ever (
red | 50 APM | 943 actions | 18:41)
5 Death Knight
3 Death Coil
2 Unholy Aura
» actions
| Basic commands | 8 | |
| Build / train | 53 | |
| Enter build submenu | 8 | |
| Enter hero's abilities submenu | 5 | |
| Right click | 609 | |
| Select / deselect | 215 | |
| Use ability | 45 | |
943 total
» units
| Acolyte | 2 | |
| Ghoul | 1 | |
| Crypt Fiend | 26 | |
29 total
» upgrades
| Creature Attack | 3 | |
| Creature Carapace | 2 | |
| Web | 1 | |
6 total
» buildings
| Graveyard | 1 | |
| Ziggurat | 4 | |
| Crypt | 1 | |
| Altar of Darkness | 1 | |
| Tomb of Relics | 1 | |
| Halls of the Dead | 1 | |
| Black Citadel | 1 | |
| Spirit Tower | 1 | |
11 total
» build order
00:19 Graveyard
00:24 Ziggurat
00:49 Crypt
00:58 Ziggurat
01:18 Altar of Darkness
01:34 Tomb of Relics
02:46 Ziggurat
05:55 Halls of the Dead
06:08 Ziggurat
09:10 Black Citadel
18:33 Spirit Tower
» items
| Rod of Necromancy | 1 | |
| Scroll of Regeneration | 3 | |
| Lesser Clarity Potion | 1 | |
| Scroll of Town Portal | 1 | |
| Orb of Corruption | 2 | |
| Potion of Mana | 1 | |
9 total
QuickSilver88 (
yellow | 41 APM | 628 actions | 15:14)
4 Blademaster
2 Wind Walk
2 Critical Strike
» actions
| Assign group hotkey | 14 | |
| Basic commands | 3 | |
| Build / train | 48 | |
| Enter build submenu | 13 | |
| Enter hero's abilities submenu | 4 | |
| Right click | 275 | |
| Select / deselect | 195 | |
| Select group hotkey | 31 | |
| Use ability | 45 | |
628 total
» units
| Peon | 11 | |
| Grunt | 8 | |
| Troll Witch Doctor | 4 | |
| Tauren | 4 | |
27 total
» upgrades
| Armor | 2 | |
| Melee Weapons | 1 | |
| Witch Doctor Training | 2 | |
5 total
» buildings
| Altar of Storms | 1 | |
| Orc Burrow | 4 | |
| Barracks | 1 | |
| Voodoo Lounge | 1 | |
| War Mill | 1 | |
| Stronghold | 1 | |
| Fortress | 1 | |
| Spirit Lodge | 2 | |
| Tauren Totem | 2 | |
14 total
» build order
00:06 Altar of Storms
00:11 Orc Burrow
00:52 Orc Burrow
01:47 Barracks
02:24 Voodoo Lounge
02:38 War Mill
02:58 Orc Burrow
04:48 Stronghold
06:35 Orc Burrow
08:18 Fortress
08:23 Spirit Lodge
08:27 Spirit Lodge
11:27 Tauren Totem
11:30 Tauren Totem
» items
| Scroll of Speed | 2 | |
| Healing Salve | 1 | |
| Potion of Healing | 4 | |
| Potion of Mana | 1 | |
| Orb of Lightning | 1 | |
9 total

»
DarkAngell (
green | 46 APM | 679 actions | 14:48)
3 Mountain King
1 Storm Bolt
2 Bash
1 Paladin
1 Holy Light
» actions
| Assign group hotkey | 13 | |
| Build / train | 49 | |
| ESC pressed | 1 | |
| Enter build submenu | 16 | |
| Enter hero's abilities submenu | 4 | |
| Right click | 369 | |
| Select / deselect | 116 | |
| Select group hotkey | 76 | |
| Use ability | 35 | |
679 total
» units
| Peasant | 15 | |
| Footman | 5 | |
| Rifleman | 18 | |
38 total
» upgrades
» buildings
| Barracks | 1 | |
| Altar of Kings | 2 | |
| Farm | 7 | |
| Lumber Mill | 1 | |
| Blacksmith | 1 | |
| Arcane Vault | 1 | |
| Keep | 1 | |
14 total
» build order
00:12 Barracks
00:14 Altar of Kings
00:19 Altar of Kings
00:22 Farm
01:18 Lumber Mill
01:23 Farm
01:58 Farm
03:35 Blacksmith
03:50 Arcane Vault
04:48 Farm
08:56 Keep
09:23 Farm
10:01 Farm
10:42 Farm
» items
| Lesser Clarity Potion | 1 | |
| Scroll of Town Portal | 1 | |
2 total
Chat log
(00:04 / Allies) PleasePause: Please pause
(00:06 / All) TRASHxTALK: -.-
(06:39 / Allies) 4bSoLuT1oN: heal purpl
(09:26 / Allies) 4bSoLuT1oN: ty
(11:28 / Allies) 4bSoLuT1oN: purpl
(13:26 / Allies) 4bSoLuT1oN: go !
(14:10 / All) TRASHxTALK: its gg
(15:17 / Allies) Cubensis: orange thats hard :-)
(15:21 / Allies) 4bSoLuT1oN: ^^
(15:28 / All) PleasePause: I was gonna tk teal becasue he unpaused but pink tried to pult me
(15:31 / All) PleasePause: had to get pay back!
(17:26 / Allies) 4bSoLuT1oN: all go for red leave